 Dungeon Crawl Stone Soup version 0.29.1-15-g9cfb28693d (webtiles) character file.

Game seed: 4925987707387912677

222 tizbic2 the Shooter (level 5, -3/42 HPs)
             Began as a Vine Stalker Hunter on Apr 23, 2023.
             Was an Initiate of Qazlal.
             Slain by a lemure (4 damage)
             ... led by Pikel
             ... on level 4 of the Dungeon.
             The game lasted 00:11:10 (3238 turns).

tizbic2 the Shooter (Vine Stalker Hunter)           Turns: 3238, Time: 00:11:10

Health: -3/42      AC: 22    Str: 14    XL:     5   Next: 99%
Magic:  0/9        EV:  2    Int: 12    God:    Qazlal [......]
Gold:   302        SH:  0    Dex: 19    Spells: 9/9 levels left

rFire   . . .      SeeInvis .   a - +0 falchion
rCold   . . .      Faith    .   (no shield)
rNeg    . . .      Spirit   +   (body armour currently unavailable)
rPois   +          Reflect  .   (helmet currently unavailable)
rElec   .          Harm     .   (cloak currently unavailable)
rCorr   +          Rampage  .   (gloves currently unavailable)
Will    +....      NoTele   +   (boots currently unavailable)
Stlth   ++........              (no amulet)
HPRegen 0.94/turn               k - ring of resist corrosion
MPRegen 0.11/turn               l - ring "Uqivehips" {Will+ Int+3}

@: tree-form
A: stationary, stasis, torment immunity, boosted hp, (fangs 2), regeneration 1,
magic shield, (antimagic bite), no potion heal 2
a: Renounce Religion


You were on level 4 of the Dungeon.
You worshipped Qazlal.
Qazlal was noncommittal.
You were a tree.
You visited 1 branch of the dungeon, and saw 4 of its levels.

You collected 302 gold pieces.

Inventory:

Hand Weapons
 a - a +0 falchion (weapon)
 d - a +0 short sword
 e - a +0 dagger
 w - a +0 shortbow
Missiles
 g - 12 poisoned darts
Armour
 r - a +1 ring mail (melded)
Jewellery
 k - a ring of resist corrosion (left branch)
 l - the ring "Uqivehips" (right branch) {Will+ Int+3}
   (You found it on level 2 of the Dungeon)

   [ring of willpower]

   Int:       It affects your intelligence (+3).
   Will:      It increases your willpower.
Wands
 f - a wand of polymorph (3)
 m - a wand of iceblast (11)
Scrolls
 b - 2 scrolls of immolation
 h - a scroll of noise {unknown}
 i - a scroll of summoning {unknown}
 n - a scroll of magic mapping {unknown}
 q - a scroll of torment {unknown}
 t - a scroll of teleportation
Potions
 c - a potion of brilliance
 j - a potion of attraction
 o - 2 potions of curing
 p - a potion of invisibility
 s - a potion of lignification


   Skills:
 + Level 3.1 Fighting
 * Level 5.1 Ranged Weapons
 - Level 1.5 Dodging
 - Level 1.2 Stealth
 + Level 2.5 Spellcasting


You had 9 spell levels left.
You didn't know any spells.
Your spell library contained the following spells:

 Spells                   Type           Power      Damage    Failure   Level
 Apportation              Tloc           2%         N/A       26%         1
 Ozocubu's Armour         Ice            1%         N/A       61%         3
 Alistair's Intoxication  Tmut/Pois      0%         N/A       100%        5
 Ozocubu's Refrigeration  Ice            0%         4d7       100%        7


Dungeon Overview and Level Annotations

Branches:
Dungeon (4/15)
 Temple: D:4-7

Altars:
Cheibriados
Hepliaklqana
Kikubaaqudgha
Nemelex Xobeh
Okawaru
Qazlal
Trog
Vehumet
Wu Jian
Xom
Zin
The Shining One

Annotations:
D:4 Pikel


Innate Abilities, Weirdness & Mutations

You are a tree.
Your roots penetrate the ground, keeping you stationary.
You cannot be teleported.
You are immune to unholy pain and torment.
Your maximum health is greatly increased.
Your equipment is partially melded.
((You have extremely sharp teeth.))
Your natural rate of healing is unusually fast.
When hurt, damage is shared between your health and your magic reserves.
((Your bite disrupts and absorbs the magic of your enemies.))
Potions cannot restore your health.


Message History

Pikel hits you with a +2 whip of flaming.
Pikel burns you.
* * * LOW HITPOINT WARNING * * *
The lemure hits you but does no damage.
Pikel hits you with a +2 whip of flaming.
* * * LOW HITPOINT WARNING * * *
Pikel burns you.
* * * LOW HITPOINT WARNING * * *
The lemure hits you but does no damage.
Unknown command.
It was a potion of curing.
That felt strangely inert.
Pikel hits you but does no damage. The lemure hits you.
* * * LOW HITPOINT WARNING * * *
You closely miss Pikel.
Pikel is moderately wounded.
Pikel hits you with a +2 whip of flaming.
* * * LOW HITPOINT WARNING * * *
Pikel burns you.
* * * LOW HITPOINT WARNING * * *
The lemure hits you but does no damage.
It was a potion of heal wounds.
That seemed strangely inert.
Pikel says, "You'll feel the lick of my whip!"
Pikel hits you but does no damage. The lemure hits you but does no damage.
You hit Pikel but do no damage.
Pikel is lightly wounded.
Pikel hits you but does no damage.
A lemure comes into view.
The lemure hits you but does no damage.
You completely miss Pikel.
Pikel is lightly wounded.
Pikel barely misses you. The lemure hits you but does no damage.
You closely miss Pikel.
Pikel is lightly wounded.
Pikel hits you with a +2 whip of flaming!
* * * LOW HITPOINT WARNING * * *
Pikel burns you.
* * * LOW HITPOINT WARNING * * *
A lemure comes into view.
The lemure hits you.
You die...

# #........#....##.... #
#....#.......##.... #
###....#............. #
#######......#......###.>..
# #..........#....#......#
#.... #
#......................#
#.... #
#......................#
#.... #
#...........5..........#
#...) #
#.........5.K♣.........#
##### #
#.........5######......# #
#.########.# #......# #
##..........# #......#
###..########## ########
....## #####


You could see Pikel and 3 lemures.

Vanquished Creatures
  A quasit (D:4)
  An iguana (D:4)
  8 adders
  6 worms
  2 dart slugs
  6 bats
  6 endoplasms
  6 giant cockroaches
  6 goblins
  6 hobgoblins
  4 jackals (D:1)
  2 quokkas
  5 ball pythons
  2 frilled lizards (D:2)
  7 kobolds
  9 rats
77 creatures vanquished.

Vanquished Creatures (others)
  4 fungi (D:3)
  5 toadstools (D:3)
9 creatures vanquished.

Grand Total: 86 creatures vanquished

Notes
Turn   | Place    | Note
-------+----------+-------------------------------------------
     0 | D:1      | tizbic2 the Vine Stalker Hunter began the quest for the
                  | Orb.
     0 | D:1      | Reached XP level 1. HP: 11/11 MP: 2/2
    72 | D:1      | Reached XP level 2. HP: 15/15 MP: 3/3
   316 | D:1      | Reached skill level 4 in Ranged Weapons
   327 | D:1      | Reached skill level 1 in Spellcasting
   716 | D:1      | Reached XP level 3. HP: 18/18 MP: 5/5
   793 | D:1      | Found a faded altar of an unknown god.
  1508 | D:2      | Gained mutation: Your natural rate of healing is unusually
                  | fast. [Vine Stalker growth]
  1508 | D:2      | Reached XP level 4. HP: 23/23 MP: 4/7
  1594 | D:2      | Identified the ring "Uqivehips" {Will+ Int+3}
  2242 | D:3      | Found a bloodstained altar of Trog.
  2274 | D:3      | Reached XP level 5. HP: 27/27 MP: 7/9
  2937 | D:4      | Found a stormy altar of Qazlal.
  2964 | D:4      | Became a worshipper of Qazlal Stormbringer
  3049 | D:4      | Noticed Grinder
  3056 | D:4      | Paralysed by Grinder for 2 turns
  3063 | D:4      | Noticed Grinder
  3063 | D:4      | Grinder changed into Grinder the quasit
  3066 | D:4      | Killed Grinder the quasit
  3067 | D:4      | Reached skill level 5 in Ranged Weapons
  3150 | D:4      | Found a radiant altar of Vehumet.
  3150 | D:4      | Found a sparkling altar of Nemelex Xobeh.
  3150 | D:4      | Found a hazy altar of Hepliaklqana.
  3150 | D:4      | Found a snail-covered altar of Cheibriados.
  3151 | D:4      | Found an ornate altar of the Wu Jian Council.
  3151 | D:4      | Found an iron altar of Okawaru.
  3158 | D:4      | Found a shimmering altar of Xom.
  3159 | D:4      | Found an ancient bone altar of Kikubaaqudgha.
  3159 | D:4      | Found a glowing golden altar of the Shining One.
  3160 | D:4      | Found a glowing silver altar of Zin.
  3177 | D:4      | Noticed a lemure
  3179 | D:4      | Noticed Pikel
  3236 | D:4      | Noticed a lemure
  3238 | D:4      | HP: 2/42 [Pikel/+2 whip of flaming (6)]
  3238 | D:4      | Noticed a lemure
  3238 | D:4      | Slain by a lemure

Illustrated notes

Levels and vault maps discovered:
D:1:      minmay_arrival_four_houses, layout_loops_ring,
          shapermc_ecumenical_altar_petra, chequers_garden,
          minmay_misc_feat_five, minmay_strange_pillars, grunt_decor_junction
D:2:      layout_basic, minmay_misc_feat_roman
D:3:      layout_loops_ring, lemuel_doored_altar, minmay_gold_behind_fungi
D:4:      layout_basic, grunt_qazlal_clouds, nicolae_overflows_in_rows,
          uniq_pikel, uniq_grinder, uniq_robin

Skill      XL: |  1  2  3  4  5 |
---------------+----------------+-----
Fighting       | 2 3 |  3.1
Ranged Weapons | 4 5 |  5.1
Spellcasting   | 1 2 |  2.5
Dodging        | |  1.5
Stealth        | |  1.2

Action                   |  1- 3 |  4- 6 || total
-------------------------+-------+-------++-------
Melee: Dagger            |     4 |       ||     4
       Falchion          |       |    12 ||    12
 Fire: Shortbow          |    72 |   133 ||   205
Evoke: Wand              |       |     2 ||     2
  Use: Scroll            |       |     7 ||     7
       Potion            |       |     3 ||     3
Armor: Leather armour    |     4 |     1 ||     5
       Ring mail         |       |    22 ||    22
       Skin              |       |    18 ||    18
Dodge: Dodged            |    37 |    45 ||    82
